 Dungeon Crawl Stone Soup version 0.19-a0-1682-g5114f93 (webtiles) character file.

31 st0uf the Chopper (level 3, -2/28 HPs)
             Began as a Demonspawn Gladiator on Sept 25, 2016.
             Slain by a crimson imp (3 damage)
             ... summoned by Natasha
             ... on level 2 of the Dungeon.
             The game lasted 00:02:14 (714 turns).

st0uf the Chopper (Demonspawn Gladiator)             Turns: 714, Time: 00:02:14

Health: -2/28      AC:  5    Str: 16    XL:     3   Next: 7%
Magic:  3/3        EV: 12    Int:  9    God:
Gold:   39         SH:  0    Dex: 13    Spells: 0 memorised, 2 levels left

rFire  . . .     SeeInvis .     a - +0 war axe
rCold  . . .     Gourm    .     b - +0 leather armour
rNeg   . . .     Faith    .     (no shield)
rPois  .         Spirit   .     c - +0 helmet
rElec  .         Dismiss  .     (no cloak)
rCorr  +         Reflect  .     (no gloves)
MR     .....     Harm     .     (no boots)
Stlth  ++........ Rnd*Tele +    (no amulet)
                                l - ring of teleportation (curse)
                                j - ring of resist corrosion

@: no status effects
A: nightstalker 1
a: no special abilities


You were on level 2 of the Dungeon.
You were not hungry.

You visited 1 branch of the dungeon, and saw 2 of its levels.

You collected 39 gold pieces.

Inventory:

Hand Weapons
 a - a +0 war axe (weapon)
Missiles
 d - 3 throwing nets (quivered)
Armour
 b - a +0 leather armour (worn)
 c - a +0 helmet (worn)
Jewellery
 j - a ring of resist corrosion (left hand)
 l - a cursed ring of teleportation (right hand)
Scrolls
 e - a scroll of random uselessness {unknown}
 g - a scroll of magic mapping {unknown}
 h - 2 scrolls of blinking {unknown}
 k - a scroll of teleportation {unknown}
Comestibles
 f - a bread ration
 i - a chunk of flesh


   Skills:
 * Level 2.6 Fighting
 * Level 3.1 Axes
 - Level 1.7 Throwing
 + Level 0.6 Armour
 + Level 2.9 Dodging


You had 2 spell levels left.
You didn't know any spells.

Dungeon Overview and Level Annotations

Branches:
Dungeon (2/15)

Altars:

Annotations:
D:2 Natasha


Innate Abilities, Weirdness & Mutations

You are slightly more attuned to the shadows.


Message History

You miss the crimson imp.
The jackal barks!
The crimson imp misses you. Natasha claws you.
You closely miss Natasha.
The jackal barks!
You hit the crimson imp. The crimson imp closely misses you. Natasha claws you.
You miss Natasha. You barely miss the crimson imp. The crimson imp hits you.
Natasha claws you! The crimson imp hits you.
Unknown command.
You slash Natasha!
Natasha is heavily wounded.
You closely miss the crimson imp. Natasha claws you.
* * * LOW HITPOINT WARNING * * *
The crimson imp misses you. Natasha claws you.
* * * LOW HITPOINT WARNING * * *
A kobold comes into view. It is wielding a short sword.
You barely miss Natasha.
Natasha is heavily wounded.
You miss the crimson imp. The crimson imp hits you.
You die...

###...##.###
...........
K......... .........
....hhg. .
....hh5#######..#
#@.........#
#....#.(...######
#.....#....##.......#
..#####..####.......#
#........##.......#
..######..........#
####.†....<#
#.......# #.<.....#


You could see Natasha, a crimson imp, 3 jackals, a goblin and a kobold
(wandering).

Vanquished Creatures
  An ooze (D:1)
  A dart slug (D:1)
  A giant cockroach (D:1)
  3 goblins (D:1)
  3 hobgoblins (D:1)
  3 jackals (D:1)
  A ball python (D:1)
  3 bats
  3 frilled lizards (D:1)
  2 kobolds (D:1)
  3 rats
24 creatures vanquished.

Notes
Turn   | Place    | Note
-------+----------+-------------------------------------------
     0 | D:1      | st0uf the Demonspawn Gladiator began the quest for the Orb.
     0 | D:1      | Reached XP level 1. HP: 16/16 MP: 1/1
   240 | D:1      | Gained mutation: You are slightly more attuned to the shadows. [demonic ancestry]
   240 | D:1      | Reached XP level 2. HP: 18/22 MP: 2/2
   249 | D:1      | Reached skill level 3 in Axes
   654 | D:1      | Reached XP level 3. HP: 28/28 MP: 3/3
   704 | D:2      | Noticed Natasha
   713 | D:2      | HP: 1/28 [Natasha (3)]
   714 | D:2      | Slain by a crimson imp

Vault maps used:
D:1:      ncdulo_halloftheorcs, minmay_gold_behind_fungi, st_stairs_6,
          kennysheep_decorative_pillar
D:2:      first_bread, uniq_natasha

Skill      XL: |  1  2 |
---------------+-------+-----
Axes           | 3 |  3.1
Fighting       | |  2.6
Throwing       | |  1.7
Armour         | |  0.6
Dodging        | |  2.9

Action                   || total
-------------------------++-------
Melee: War axe           ||    75
 Stab: Sleeping          ||     1
Armor: Leather armour    ||    55
Dodge: Dodged            ||    66
